 Dungeon Crawl Stone Soup version 0.18.1-48-g4cf74bf (webtiles) character file.

351220 nikopol the Executioner (level 21, -16/195 HPs)
             Began as a Minotaur Berserker on Aug 18, 2016.
             Was the Champion of Trog.
             Killed from afar by a deep elf sorcerer (30 damage)
             ... with damnation
             ... on level 3 of the Elven Halls on Aug 20, 2016.
             The game lasted 03:52:56 (54110 turns).

nikopol the Executioner (Minotaur Berserker)       Turns: 54110, Time: 03:52:56

Health: -16/195    AC: 39    Str: 30    XL:     21   Next: 29%
Magic:  6/6        EV: 24    Int:  8    God:    Trog [******]
Gold:   2922       SH:  4    Dex: 19    Spells: 0 memorised, 20 levels left

rFire  + . .     SeeInvis .     a - +6 battleaxe (antimagic)
rCold  + + .     Gourm    .     P - +6 plate armour {rPois}
rNeg   . . .     Faith    .     (shield currently unavailable)
rPois  +         Spirit   .     V - +2 hat {rC+}
rElec  +         Dismiss  .     G - +2 cloak of Starlight {rElec rC+ EV+4 Stlth--}
rCorr  .         Reflect  +     d - +2 pair of gloves {Dex+3}
SustAt .         Harm     .     i - +2 pair of boots
MR     ++...                    H - +2 amulet of reflection
Stlth  ..........               Y - ring "Seof" {+Blink rF+ Str+4 Int+4}
                                o - ring of protection from magic

@: very resistant to hostile enchantments, extremely unstealthy
A: retaliatory headbutt, horns 2, large bone plates 1
a: Berserk, Trog's Hand, Brothers in Arms, Burn Spellbooks, Renounce Religion,
Evoke Blink
}: 2/15 runes: serpentine, barnacled


You were on level 3 of the Elven Halls.
You worshipped Trog.
Trog was exalted by your worship.
You were not hungry.

You visited 7 branches of the dungeon, and saw 37 of its levels.
You also visited: Labyrinth and Ice Cave.

You collected 3507 gold pieces.
You spent 585 gold pieces at shops.

Inventory:

Hand Weapons
 a - a +6 antimagic battleaxe (weapon)
 z - a +6 longbow of flaming
 C - a +7 executioner's axe of chopping
 O - the +12 broad axe "Ucsiniz" {chop, Dex+4}
   (Trog gifted it to you on level 4 of the Snake Pit)

   It inflicts extra damage upon your enemies.
   It affects your dexterity (+4).
Missiles
 u - 1040 arrows (quivered)
Armour
 d - a +2 pair of gloves of dexterity (worn)
 i - a +2 pair of boots (worn)
 y - a +1 cloak of magic resistance
 G - the +2 cloak of Starlight (worn) {rElec rC+ EV+4 Stlth--}
   (You acquired it on level 2 of the Orcish Mines)

   It affects your evasion (+4).
   It protects you from cold.
   It insulates you from electricity.
   It makes you much less stealthy.
 P - a +6 plate armour of poison resistance (worn)
 V - a +2 hat of cold resistance (worn)
Jewellery
 o - a ring of protection from magic (left hand)
 B - an uncursed ring of see invisible
 H - a +2 amulet of reflection (around neck)
 S - a +3 ring of evasion
 Y - the ring "Seof" (right hand) {+Blink rF+ Str+4 Int+4}
   (You found it in a labyrinth)

   [ring of strength]

   It affects your strength (+4).
   It affects your intelligence (+4).
   It protects you from fire.
   It lets you blink.
Wands
 f - a wand of iceblast (10/15)
 h - a wand of digging (23/24)
 r - a wand of teleportation (8/9)
 x - a wand of disintegration (24/24)
Scrolls
 b - 5 scrolls of blinking
 e - 3 scrolls of enchant armour
 g - 12 scrolls of fog
 n - 17 scrolls of remove curse
 p - 4 scrolls of fear
 s - 14 scrolls of teleportation
 v - 6 scrolls of recharging
 A - 6 scrolls of magic mapping
 I - 2 scrolls of brand weapon
 K - 2 scrolls of silence
 L - a scroll of identify
 X - a scroll of summoning
Potions
 j - 4 potions of brilliance
 k - 5 potions of haste
 l - 4 potions of cancellation
 m - 3 potions of magic
 q - 3 potions of invisibility
 w - 16 potions of curing
 E - 5 potions of cure mutation
 F - 4 potions of heal wounds
 M - 5 potions of resistance
 N - a potion of ambrosia
 Q - 7 potions of agility
 T - 9 potions of might
Comestibles
 c - 23 bread rations
 t - 18 fruits
 D - 6 beef jerkies
 J - 16 meat rations
 U - a royal jelly
 W - 3 slices of pizza


   Skills:
 + Level 18.5 Fighting
 * Level 23.8 Axes
 + Level 18.9 Bows
 + Level 18.3 Armour
 + Level 16.7 Dodging


You had 20 spell levels left.
You didn't know any spells.

Dungeon Overview and Level Annotations

Branches:
Dungeon (15/15)            Temple (0/1) D:7            Lair (8/8) D:9
 Shoals (4/4) Lair:6        Snake (4/4) Lair:4        Slime (0/6) Lair:7
    Orc (2/2) D:10            Elf (3/3) Orc:2        Vaults (1/5) D:14
 Depths (0/5) D:15

Altars:
Ashenzari
Cheibriados
Elyvilon
Fedhas
Makhleb
Nemelex Xobeh
Okawaru
Pakellas
Ru
Sif Muna
Trog
Vehumet
Xom
Zin
Beogh

Shops:
D:6 %   D:9 =   D:10 !   D:12 *   D:13 %   D:15 %   Orc:2 *[:(   Elf:1 *
Shoals:2 [   Snake:2 [   Snake:4 (

Portals:
Trove: Vaults:1 (lose all piety)


Innate Abilities, Weirdness & Mutations

You reflexively headbutt those who attack you in melee.
You have a pair of horns on your head.
You are partially covered in large bone plates (AC +2, SH +2).


Message History

You kill the deep elf high priest!
Trog accepts your kill.
A deep elf sorcerer comes into view. It is wielding a long sword.
You see here 3 arrows.
The deep elf high priest mumbles some strange prayers to its god against you.
Something smites you!
The deep elf high priest mumbles some strange prayers.
The deep elf sorcerer points at you and mumbles some strange words.
The bolt of acid hits you!
* * * LOW HITPOINT WARNING * * *
The acid burns!
* * * LOW HITPOINT WARNING * * *
The deep elf sorcerer mumbles some strange words.
The deep elf sorcerer seems to speed up.
The deep elf high priest mumbles some strange prayers to its god against you.
Something smites you!
* * * LOW HITPOINT WARNING * * *
The deep elf sorcerer gestures at you while chanting.
The damnation unfurls!
The damnation engulfs you!
You die...

##.......##
###........)###
#.............#
##.............##
##......)..))....##
#......(###.......#
#.....)## ##.)....#
#.).).## ##.)...#
#.(...# #)@..)#
#...(.## ##.....#
#......## ##......#
#.......###.......#
##.......(..))...##
##....(.ee.....##
#.....).((....#
#.......()))..#
###.....))))###


You could see a deep elf sorcerer and a deep elf high priest.

Vanquished Creatures
  Nikola (Snake:1)
  Rupert (Lair:3)
  Frances (Shoals:1)
  3 deep elf master archers (Elf:3)
  2 deep elf blademasters (Elf:3)
  2 krakens (Shoals:4)
  Agnes (D:14)
  Roxanne (D:15)
  8 greater nagas
  Ilsuiw (Shoals:4)
  Maud (Orc:1)
  10 deep elf sorcerers
  2 orc warlords (Orc:2)
  A vault warden (Vaults:1)
  6 deep elf elementalists (Elf:3)
  A stone giant (Vaults:1)
  7 deep elf demonologists
  Azrael (Orc:1)
  4 deep elf annihilators
  The ghost of Xelenos the Fighter, a journeyman MiFi of Okawaru (D:13)
  Erolcha (Orc:1)
  7 merfolk javelineers
  Snorg (Lair:3)
  4 vault guards (D:14)
  4 deep elf death magi (Elf:3)
  6 deep elf high priests (Elf:3)
  A minotaur (Lab)
  Josephine (Lair:6)
  4 merfolk impalers
  A great orb of eyes (Vaults:1)
  8 hydras
  16 naga warriors
  Harold (Lair:3)
  5 merfolk avatars
  A catoblepas (Lair:6)
  3 death knights
  24 anacondas
  3 merfolk aquamancers (Shoals:4)
  An alligator snapping turtle (Shoals:4)
  8 centaur warriors
  2 tengu warriors (D:15)
  7 satyrs
  9 death yaks (Lair:8)
  25 dancing weapons
  14 shock serpents
  5 orc high priests
  14 naga sharpshooters
  Urug (Lair:2)
  18 deep elf knights
  Nergalle (Lair:2)
  5 salamander mystics (Snake:4)
  A wizard (D:11)
  6 skeletal warriors
  13 sea snakes
  3 unseen horrors
  7 hill giants
  4 lindwurms (Snake:4)
  13 naga ritualists
  4 deep elf archers
  A giant orange brain (D:15)
  24 mana vipers
  3 orc knights (Orc:2)
  66 deep elf magi
  A phantasmal warrior (D:14)
  A necromancer (IceCv)
  10 harpies
  10 griffons
  A mana viper (shapeshifter) (D:15)
  2 oklob plants
  10 cyclopes
  18 fauns
  12 salamanders
  16 ugly things
  A salamander (shapeshifter) (D:14)
  24 manticores
  13 guardian serpents
  5 orc sorcerers (Orc:2)
  A guardian serpent (shapeshifter) (D:15)
  5 centaur zombies
  26 naga magi
  Maurice (D:13)
  10 sirens
  2 water nymphs
  72 black mambas
  2 ice statues
  12 spiny frogs
  A gargoyle (D:13)
  3 rime drakes
  A kobold demonologist (D:14)
  11 freezing wraiths
  2 demonic crawlers (Elf:1)
  An ice devil (Lair:1)
  15 komodo dragons
  8 yaktaurs (Vaults:1)
  A spriggan druid (Lair:8)
  A jumping spider (shapeshifter) (D:15)
  5 trolls
  9 polar bears
  2 tengu conjurers (D:15)
  37 merfolk
  5 two-headed ogres
  Grinder (D:4)
  4 wind drakes
  11 slime creatures
  Prince Ribbit (D:5)
  20 blink frogs
  3 boulder beetles (Elf:1)
  14 snapping turtles
  11 water elementals
  3 wyverns
  6 redbacks
  2 shadows
  11 wraiths
  12 spriggans (Lair:8)
  3 air elementals (Elf:3)
  2 yaks (shapeshifter)
  A hog (shapeshifter) (D:15)
  36 yaks
  A human (D:7)
  4 basilisks
  6 fire elementals
  5 hungry ghosts
  15 hippogriffs
  8 vampire mosquitoes
  Menkaure (D:5)
  Edmund (D:4)
  A mottled dragon (D:12)
  3 wargs (Orc:2)
  49 nagas
  2 soldier ants
  7 hell hounds (Orc:2)
  A hell hound (shapeshifter) (D:14)
  15 porcupines
  37 orc warriors
  14 water moccasins
  2 alligator simulacra (IceCv)
  18 ice beasts
  6 black bears
  2 necrophages
  3 wasps (Lair:8)
  3 sky beasts
  19 centaurs
  12 ogres
  31 wolves
  12 crocodiles
  A big kobold (D:13)
  20 giant frogs
  3 earth elementals
  A wyvern skeleton (D:14)
  8 scorpions
  A human simulacrum (Vaults:1)
  5 killer bees (D:11)
  2 troll skeletons (Lab)
  11 wights
  2 spriggan skeletons (Lab)
  A howler monkey (D:10)
  4 electric eels
  7 lava snakes
  4 crimson imps
  2 giant frog zombies
  A wyvern simulacrum (D:11)
  A draconian simulacrum (IceCv)
  4 hounds
  3 giant frog skeletons
  A gnoll shaman (D:9)
  8 jellies
  40 orc wizards
  27 orc priests
  6 iguanas
  4 centaur skeletons
  2 polar bear simulacra (IceCv)
  4 spriggan simulacra (IceCv)
  11 worker ants
  28 sheep
  5 troll simulacra (IceCv)
  A killer bee zombie (D:10)
  A centaur simulacrum (IceCv)
  3 hound skeletons
  2 worker ant zombies
  8 gnolls
  A howler monkey skeleton (D:7)
  14 adders
  4 naga simulacra (IceCv)
  An ogre simulacrum (IceCv)
  58 river rats
  A shadow imp (D:15)
  10 white imps
  An adder skeleton (D:4)
  4 worms
  3 dart slugs
  3 giant geckos
  83 orcs
  4 giant cockroaches
  8 goblins
  9 hobgoblins
  9 jackals
  10 kobolds
  5 quokkas
  2 ball pythons
  6 bats
  A giant cockroach zombie (D:5)
  3 giant newts
  A quokka skeleton (D:5)
  9 rats
  7 crawling corpses (Elf:3)
  16 fungi
  25 plants
  5 tentacles (Shoals:4)
1712 creatures vanquished.

Vanquished Creatures (collateral kills)
  A deep elf death mage (Elf:3)
  A naga warrior (Snake:3)
  A naga ritualist (Snake:3)
  A freezing wraith (IceCv)
  A naga (Snake:3)
  A draconian simulacrum (IceCv)
  A spriggan simulacrum (IceCv)
  A centaur simulacrum (IceCv)
  An ogre simulacrum (IceCv)
  3 white imps (IceCv)
12 creatures vanquished.

Vanquished Creatures (others)
  A satyr (Shoals:4)
  A deep elf knight (Elf:2)
  A deep elf archer (Elf:1)
  A yaktaur (Vaults:1)
  A centaur (D:14)
  13 fungi
  18 plants
  22 tentacles (Shoals:4)
  567 tentacle segments (Shoals:4)
625 creatures vanquished.

Grand Total: 2349 creatures vanquished

Notes
Turn   | Place    | Note
--------------------------------------------------------------
     0 | D:1      | nikopol the Minotaur Berserker began the quest for the Orb.
     0 | D:1      | Reached XP level 1. HP: 19/19 MP: 0/0
   278 | D:1      | Reached XP level 2. HP: 27/27 MP: 1/1
   583 | D:1      | Reached skill level 4 in Axes
   748 | D:2      | Found a glowing silver altar of Zin.
   748 | D:2      | Found a snail-covered altar of Cheibriados.
   748 | D:2      | Found a deep blue altar of Sif Muna.
   749 | D:2      | Found a radiant altar of Vehumet.
   789 | D:2      | Reached ** piety under Trog
   789 | D:2      | Reached XP level 3. HP: 33/33 MP: 2/2
   812 | D:2      | Found a faded altar to an unknown god.
  1303 | D:2      | Found an oddly glowing altar of Pakellas.
  1635 | D:3      | Found a burning altar of Makhleb.
  1680 | D:3      | Reached XP level 4. HP: 39/40 MP: 3/3
  1787 | D:3      | Reached *** piety under Trog
  2250 | D:4      | Found a white marble altar of Elyvilon.
  2271 | D:4      | Noticed Edmund
  2283 | D:4      | Killed Edmund
  2283 | D:4      | Reached skill level 5 in Axes
  2283 | D:4      | Reached XP level 5. HP: 47/47 MP: 4/4
  2626 | D:4      | Reached skill level 5 in Fighting
  2626 | D:4      | Reached XP level 6. HP: 56/56 MP: 5/5
  2646 | D:4      | Got a clouded ivory ring
  2695 | D:4      | Noticed Grinder
  2714 | D:4      | Killed Grinder
  2714 | D:4      | Reached skill level 5 in Armour
  2714 | D:4      | Reached XP level 7. HP: 31/61 MP: 6/6
  3012 | D:4      | Found a sparkling altar of Nemelex Xobeh.
  3078 | D:4      | Reached skill level 6 in Axes
  3473 | D:5      | Entered Level 5 of the Dungeon
  3473 | D:5      | Noticed Prince Ribbit
  3479 | D:5      | Reached skill level 5 in Dodging
  4007 | D:5      | Killed Prince Ribbit
  4007 | D:5      | Reached skill level 7 in Axes
  4007 | D:5      | Reached XP level 8. HP: 34/71 MP: 7/7
  4253 | D:5      | Noticed Menkaure
  4261 | D:5      | Killed Menkaure
  4850 | D:6      | Reached **** piety under Trog
  4873 | D:6      | Found a bloodstained altar of Trog.
  5481 | D:6      | Found Kiattyst's Food Shoppe.
  5561 | D:7      | Found a staircase to the Ecumenical Temple.
  5573 | D:7      | Got a jewelled ring mail
  5923 | D:7      | Reached skill level 8 in Axes
  6015 | D:7      | Reached XP level 9. HP: 50/80 MP: 8/8
  6062 | D:7      | Reached skill level 1 in Bows
  6704 | D:8      | Reached skill level 9 in Axes
  6872 | D:8      | Found an iron altar of Okawaru.
  6904 | D:8      | Reached ***** piety under Trog
  7439 | D:9      | Found Ohirph's Jewellery Boutique.
  7572 | D:9      | Found a shattered altar of Ashenzari.
  7661 | D:9      | Found a staircase to the Lair.
  7664 | D:9      | Noticed a komodo dragon
  7675 | D:9      | Killed a komodo dragon
  7675 | D:9      | Reached XP level 10. HP: 75/90 MP: 9/9
  7694 | D:9      | Identified the ring of Egomania {rCorr *Confuse Str+4 Int+4 Dex+2} (You found it on level 4 of the Dungeon)
  7733 | D:9      | Identified a scroll of acquirement
  7771 | D:9      | Identified the +2 ring mail of Nebloab {rF+ SInv} (You found it on level 7 of the Dungeon)
  7998 | D:9      | Found a bloodstained altar of Trog.
  8082 | D:9      | Found a sacrificial altar of Ru.
  8117 | D:9      | Reached skill level 10 in Axes
  8117 | D:9      | Reached skill level 5 in Bows
  8422 | Lair:1   | Entered Level 1 of the Lair of Beasts
  8531 | Lair:1   | Noticed an ice statue
  8570 | Lair:1   | Received a gift from Trog
  8823 | Lair:1   | Killed an ice statue
  9668 | Lair:1   | Reached skill level 11 in Axes
  9755 | Lair:1   | Reached XP level 11. HP: 89/97 MP: 10/10
 10597 | Lair:2   | Noticed Urug
 10748 | Lair:2   | Killed Urug
 10748 | Lair:2   | Reached skill level 12 in Axes
 10956 | Lair:2   | Reached skill level 10 in Fighting
 11002 | Lair:2   | Received a gift from Trog
 11199 | Lair:2   | Noticed Nergalle
 11245 | Lair:2   | Killed Nergalle
 11246 | Lair:2   | Received a gift from Trog
 11276 | Lair:2   | Reached skill level 10 in Armour
 12181 | Lair:3   | Noticed Snorg
 12191 | Lair:3   | Killed Snorg
 12343 | Lair:3   | Reached XP level 12. HP: 107/107 MP: 11/11
 12447 | Lair:3   | Noticed Harold
 12457 | Lair:3   | Killed Harold
 12523 | Lair:3   | Noticed Rupert
 12546 | Lair:3   | Killed Rupert
 12546 | Lair:3   | Reached skill level 13 in Axes
 12546 | Lair:3   | Reached skill level 10 in Bows
 13569 | Lair:4   | Found a shimmering altar of Xom.
 13579 | Lair:4   | Reached skill level 10 in Dodging
 13982 | Lair:4   | Found a staircase to the Snake Pit.
 14281 | Lair:5   | Received a gift from Trog
 14442 | Lair:5   | Reached skill level 14 in Axes
 14505 | Lair:5   | Reached XP level 13. HP: 116/116 MP: 12/12
 15316 | Lair:6   | Found a staircase to the Shoals.
 15830 | Lair:6   | Noticed Josephine
 15845 | Lair:6   | Killed Josephine
 16686 | Lair:7   | Found a staircase to the Slime Pits.
 17472 | Lair:7   | Received a gift from Trog
 17511 | Lair:7   | Found a blossoming altar of Fedhas.
 17528 | Lair:7   | Reached skill level 15 in Axes
 17886 | Lair:8   | Entered Level 8 of the Lair of Beasts
 17986 | Lair:8   | Found a frozen archway.
 17995 | IceCv    | Entered an ice cave
 18228 | IceCv    | Received a gift from Trog
 18749 | IceCv    | Found an ancient bone altar of Kikubaaqudgha.
 18780 | IceCv    | Received a gift from Trog
 19270 | IceCv    | Reached XP level 14. HP: 52/126 MP: 13/13
 20309 | Lair:8   | Received a gift from Trog
 20378 | Lair:8   | Received a gift from Trog
 20812 | Lair:8   | Reached ****** piety under Trog
 20922 | Lair:8   | Reached skill level 16 in Axes
 21282 | Lair:8   | Got a pair of transparent boots
 21288 | Lair:8   | Identified the +0 pair of boots "Koyrewno" {rElec Str-4 Stlth+} (You acquired it on level 8 of the Lair of Beasts)
 21675 | Lair:8   | Received a gift from Trog
 22069 | Lair:1   | Got an ancient glaive
 22070 | Lair:1   | Identified the cursed +1 glaive of Departure {speed, rPois} (You found it on level 1 of the Lair of Beasts)
 22276 | D:10     | Entered Level 10 of the Dungeon
 22458 | D:10     | Found a staircase to the Orcish Mines.
 22465 | D:10     | Found a roughly hewn altar of Beogh.
 22633 | D:10     | Found Odooth's Distillery.
 23125 | Orc:1    | Entered Level 1 of the Orcish Mines
 23140 | Orc:1    | Received a gift from Trog
 23548 | Orc:1    | Noticed Erolcha
 23554 | Orc:1    | Killed Erolcha
 23638 | Orc:2    | Entered Level 2 of the Orcish Mines
 23688 | Orc:2    | Noticed an orc warlord
 23690 | Orc:2    | Noticed Azrael
 23727 | Orc:2    | Killed an orc warlord
 23735 | Orc:1    | Killed Azrael
 23951 | Orc:2    | Received a gift from Trog
 24325 | Orc:2    | Found a staircase to the Elven Halls.
 24384 | Orc:2    | Reached XP level 15. HP: 134/134 MP: 14/14
 24421 | Orc:2    | Received a gift from Trog
 24437 | Orc:2    | Paralysed by an orc sorcerer for 5 turns
 25049 | Orc:2    | Noticed an orc warlord
 25064 | Orc:2    | Killed an orc warlord
 25540 | Orc:2    | Found Loackoeth's General Store.
 25543 | Orc:2    | Found Karufada's Book Shop.
 25572 | Orc:2    | Found Kyufegent's Antique Armour Shop.
 25572 | Orc:2    | Found Zeitt's Antique Weapon Boutique.
 25589 | Orc:2    | Bought a scroll of acquirement for 520 gold pieces
 25841 | Orc:2    | Received a gift from Trog
 26061 | Orc:1    | Noticed Maud
 26075 | Orc:1    | Killed Maud
 26311 | D:11     | Reached skill level 17 in Axes
 27212 | D:12     | Found Peggequi's General Store.
 27214 | D:12     | Bought a potion of heal wounds for 65 gold pieces
 27251 | D:12     | Received a gift from Trog
 27309 | D:12     | Reached skill level 15 in Bows
 27700 | D:13     | Found Giuwag's Food Shoppe.
 27713 | D:13     | Noticed Xelenos's ghost (journeyman MiFi)
 27728 | D:13     | Killed Xelenos's ghost
 28280 | D:13     | Noticed Maurice
 28287 | D:13     | Killed Maurice
 28832 | D:14     | Found a gate to the Vaults.
 28894 | D:14     | Reached XP level 16. HP: 57/145 MP: 15/15
 28945 | D:14     | Found a labyrinth entrance.
 28959 | Lab      | Entered a labyrinth
 30014 | Lab      | Received a gift from Trog
 30015 | Lab      | Got a twisted shortbow {god gift}
 30018 | Lab      | Got a heavily runed steel ring
 30039 | D:14     | Noticed Agnes
 30051 | D:14     | Killed Agnes
 30058 | D:14     | Identified the +2 shortbow of the Blind Eye {freeze, Fragile Int+8 Dex+2 Stlth+} (Trog gifted it to you in a labyrinth)
 30061 | D:14     | Identified the ring "Seof" {+Blink rF+ Str+4 Int+4} (You found it in a labyrinth)
 30511 | D:14     | Reached skill level 18 in Axes
 30958 | D:15     | Entered Level 15 of the Dungeon
 31102 | D:15     | Noticed Roxanne
 31263 | D:15     | Killed Roxanne
 31328 | D:15     | Received a gift from Trog
 31494 | D:15     | Found a radiant altar of Vehumet.
 31645 | D:15     | Received a gift from Trog
 31841 | D:15     | Found a staircase to the Depths.
 32060 | D:15     | Found Loizirch's Food Shoppe.
 32723 | Snake:1  | Entered Level 1 of the Snake Pit
 32738 | Snake:1  | Received a gift from Trog
 33276 | Snake:1  | Found a white marble altar of Elyvilon.
 33355 | Snake:1  | Noticed Nikola
 33381 | Snake:1  | Killed Nikola
 33716 | Snake:1  | Received a gift from Trog
 33892 | Snake:1  | Gained mutation: You are partially covered in large bone plates (AC +2, SH +2). [potion of beneficial mutation]
 34401 | Snake:2  | Reached XP level 17. HP: 152/154 MP: 16/16
 34404 | Snake:2  | Reached skill level 19 in Axes
 34703 | Snake:2  | Reached skill level 15 in Fighting
 35216 | Snake:2  | Found Jyrer's Antique Armour Emporium.
 35225 | Snake:2  | Received a gift from Trog
 36416 | Snake:3  | Reached skill level 15 in Armour
 36475 | Snake:3  | Received a gift from Trog
 36697 | Snake:3  | Found an iron altar of Okawaru.
 37470 | Snake:3  | Reached skill level 20 in Axes
 38044 | Snake:4  | Entered Level 4 of the Snake Pit
 38083 | Snake:4  | Got a warped ring mail
 38105 | Snake:4  | Identified the cursed +0 ring mail "Qicost" {rPois rCorr Str-3 Int+2} (You found it on level 4 of the Snake Pit)
 38195 | Snake:4  | Received a gift from Trog
 38717 | Snake:4  | Received a gift from Trog
 38822 | Snake:4  | Found Ciuptirr's Weapon Shoppe.
 38904 | Snake:4  | Reached XP level 18. HP: 164/166 MP: 5/17
 39062 | Snake:4  | Received a gift from Trog
 40661 | Snake:4  | Received a gift from Trog
 40861 | Snake:4  | Received a gift from Trog
 40891 | Snake:4  | Reached skill level 21 in Axes
 41162 | Snake:4  | Got a serpentine rune of Zot
 41488 | Shoals:1 | Entered Level 1 of the Shoals
 41910 | Shoals:1 | Noticed Frances
 41923 | Shoals:1 | Killed Frances
 41923 | Shoals:1 | Received a gift from Trog
 42116 | Shoals:1 | Received a gift from Trog
 42627 | Shoals:2 | Received a gift from Trog
 42627 | Shoals:2 | Reached XP level 19. HP: 152/174 MP: 18/18
 42945 | Shoals:2 | Found Nablyqo's Antique Armour Shoppe.
 43314 | Shoals:3 | Reached skill level 15 in Dodging
 43547 | Shoals:3 | Received a gift from Trog
 43773 | Shoals:3 | Received a gift from Trog
 44142 | Shoals:3 | Received a gift from Trog
 44521 | Shoals:4 | Entered Level 4 of the Shoals
 45523 | Shoals:4 | Noticed Ilsuiw
 45542 | Shoals:4 | Killed Ilsuiw
 46036 | Shoals:4 | Received a gift from Trog
 46038 | Shoals:4 | Reached skill level 22 in Axes
 46202 | Shoals:4 | Got a barnacled rune of Zot
 47704 | Vaults:1 | Entered Level 1 of the Vaults
 47811 | Vaults:1 | Received a gift from Trog
 47859 | Vaults:1 | Found a portal to a secret trove of treasure.
 47898 | Vaults:1 | Paralysed by a great orb of eyes for 5 turns
 48657 | Snake:4  | Got a smoking shortbow {god gift}
 48658 | Snake:4  | Identified the +8 shortbow "Naimud" {flame, *Contam rN+ SInv} (Trog gifted it to you on level 4 of the Snake Pit)
 48691 | Snake:4  | Received a gift from Trog
 48723 | Snake:4  | Got a crude broad axe {god gift}
 48724 | Snake:4  | Identified the +12 broad axe "Ucsiniz" {chop, Dex+4} (Trog gifted it to you on level 4 of the Snake Pit)
 49070 | Shoals:4 | Reached XP level 20. HP: 178/184 MP: 19/19
 49540 | Elf:1    | Entered Level 1 of the Elven Halls
 49775 | Elf:1    | Received a gift from Trog
 49846 | Elf:1    | Found Xutheisk's General Store.
 50025 | Elf:1    | Received a gift from Trog
 50793 | Elf:1    | Received a gift from Trog
 51003 | Elf:2    | Received a gift from Trog
 51201 | Elf:2    | Reached skill level 23 in Axes
 51310 | Elf:2    | Found a huge runed gate.
 51310 | Elf:2    | Found a huge runed gate.
 51310 | Elf:2    | Found a huge runed gate.
 51314 | Elf:2    | Found a huge runed gate.
 51315 | Elf:2    | Found a huge runed gate.
 52369 | Elf:3    | Entered Level 3 of the Elven Halls
 52509 | Elf:3    | Received a gift from Trog
 53582 | Elf:3    | Received a gift from Trog
 53587 | Elf:3    | Reached XP level 21. HP: 93/195 MP: 6/20
 53643 | Elf:3    | Received a gift from Trog
 54110 | Elf:3    | Killed from afar by a deep elf sorcerer

Skill      XL: |  1  2  3  4  5  6  7  8  9 10 11 12 13 14 15 16 17 18 19 20 |
---------------+-------------------------------------------------------------+-----
Axes           | 4 5 7 8 9 11 12 14 15 16 17 18 20 21 22 23 | 23.8
Fighting       | 4 5 6 7 8 9 10 11 12 13 14 15 16 17 18 | 18.5
Armour         | 3 4 5 6 7 8 9 10 11 12 13 14 15 16 17 18 | 18.3
Dodging        | 3 4 5 6 7 8 9 10 11 12 13 14 15 16 | 16.7
Bows           | 4 7 9 11 12 14 15 16 17 18 | 18.9

Action                   |  1- 3 |  4- 6 |  7- 9 | 10-12 | 13-15 | 16-18 | 19-21 || total
-------------------------+-------+-------+-------+-------+-------+-------+-------++-------
Melee: Hand axe          |    76 |    80 |   186 |       |       |       |       ||   342
       Headbutt          |    11 |     3 |    78 |    95 |   183 |   229 |   176 ||   775
       War axe           |       |       |   111 |   264 |       |       |       ||   375
       Battleaxe         |       |       |       |   126 |   713 |   929 |   573 ||  2341
       Glaive            |       |       |       |       |     6 |       |       ||     6
       Broad axe         |       |       |       |       |       |       |    31 ||    31
       Longbow           |       |       |       |       |       |       |     3 ||     3
 Fire: Shortbow          |       |       |    79 |   459 |  1106 |  1270 |   694 ||  3608
       Longbow           |       |       |       |       |       |       |   331 ||   331
Invok: Berserk           |       |     3 |     4 |     2 |     4 |     4 |     1 ||    18
       Burn Spellbooks   |       |       |       |     5 |     3 |     6 |     3 ||    17
       Trog's Hand       |       |       |       |       |     2 |     1 |     2 ||     5
       Brothers in Arms  |       |       |       |       |     1 |     2 |     1 ||     4
Evoke: Wand              |       |       |       |       |       |     4 |       ||     4
  Use: Scroll            |       |       |       |    25 |    14 |    15 |    17 ||    71
       Potion            |       |       |       |       |     1 |     3 |     3 ||     7
 Stab: Distracted        |       |       |       |       |       |       |     1 ||     1
  Eat: Chunk             |     2 |     6 |    15 |    22 |    41 |    37 |    37 ||   160
       Bread ration      |       |       |     1 |       |       |       |       ||     1
       Beef jerky        |       |       |       |     2 |     2 |     1 |       ||     5
       Fruit             |       |       |       |     1 |     3 |     1 |       ||     5
       Pizza             |       |       |       |     1 |       |     5 |       ||     6
       Royal jelly       |       |       |       |       |     1 |       |       ||     1
Armor: Scale mail        |    28 |    29 |    36 |       |       |       |       ||    93
       Plate armour      |       |       |    99 |   207 |   378 |   459 |   352 ||  1495
Dodge: Dodged            |    39 |    38 |   190 |   336 |   576 |   763 |   684 ||  2626
Block: Other             |       |       |       |    23 |    44 |   142 |   141 ||   350
       Reflection        |       |       |       |     2 |     3 |    12 |    35 ||    52
